 Dungeon Crawl Stone Soup version 0.28.0-45-g0d030f2227 (webtiles) character file.

Game seed: 7124694583290027200

11 101zpm the Chiller (level 2, 0/15 HPs)
             Began as a Deep Elf Ice Elementalist on Apr 20, 2022.
             Killed from afar by Natasha (6 damage)
             ... with a magic dart
             ... on level 2 of the Dungeon.
             The game lasted 00:01:14 (360 turns).

101zpm the Chiller (Deep Elf Ice Elementalist)       Turns: 360, Time: 00:01:15

Health: 0/15       AC:  2    Str:  5    XL:     2   Next: 17%
Magic:  8/8        EV: 12    Int: 19    God:
Gold:   13         SH:  0    Dex: 15    Spells: 6/7 levels left

rFire   . . .      SeeInvis .   d - +0 dagger (venom)
rCold   . . .      Faith    .   (no shield)
rNeg    . . .      Spirit   .   a - +0 robe
rPois   .          Reflect  .   (no helmet)
rElec   .          Harm     .   (no cloak)
rCorr   .          Rampage  .   (no gloves)
Will    .....                   (no boots)
Stlth   ++........              (no amulet)
HPRegen 0.05/turn               (no ring)
MPRegen 0.11/turn               (no ring)

@: no status effects
A: no striking features
a: no special abilities


You were on level 2 of the Dungeon.
You visited 1 branch of the dungeon, and saw 2 of its levels.

You collected 13 gold pieces.

Inventory:

Hand Weapons
 d - a +0 dagger of venom (weapon)
Armour
 a - a +0 robe (worn)
Scrolls
 b - a scroll of blinking {unknown}
Potions
 c - a potion of curing {unknown}


   Skills:
 + Level 2.5 Dodging
 + Level 2.5 Stealth
 + Level 3.1 Spellcasting
 + Level 4.8 Ice Magic


You had 6 spell levels left.
You knew the following spells:

 Your Spells              Type           Power      Damage    Failure   Level
a - Freeze                Ice            84%        1d10      1%          1

Your spell library contained the following spells:

 Spells                   Type           Power      Damage    Failure   Level
 Frozen Ramparts          Ice            42%        1d6       6%          3
 Ozocubu's Armour         Ice            21%        N/A       6%          3
 Hailstorm                Conj/Ice       12%        3d5       50%         4


Dungeon Overview and Level Annotations

Branches:
Dungeon (2/15)

Altars:

Annotations:
D:2 Natasha


Message History

Aim: a bat (moderately wounded)
You freeze the bat.
You kill the bat!
c - a smoky amethyst potion You see here a bat corpse.
A kobold comes into view. It is wielding a +0 dagger of venom.
A kobold is nearby!
Aiming: Freeze (safe; 1% risk of failure)
Press: ? - help, Q - select action Shift-Dir - straight line, f - kobold
Aim: a kobold, wielding a +0 dagger of venom You freeze the kobold!
You kill the kobold!
Things that are here:
a +0 dagger of venom; a kobold corpse
d - a +0 dagger of venom Your +0 dagger of venom begins to drip with poison!
d - a +0 dagger of venom (weapon)
Found a pair of bloodstained boots.
Natasha, Servant of Life and Death comes into view.
Natasha hisses angrily.
Natasha extends her claws.
Natasha stares at you and mumbles some strange words.
The magic dart hits you!
Ouch! That really hurt!
You are too injured to fight recklessly!
You are too injured to fight recklessly!
You are too injured to fight recklessly!
You are too injured to fight recklessly!
You are too injured to fight recklessly!
You are too injured to fight recklessly!
You are too injured to fight recklessly!
You are too injured to fight recklessly!
You are too injured to fight recklessly!
You are too injured to fight recklessly!
You are too injured to fight recklessly!
You are too injured to fight recklessly!
Natasha mewls in sadness.
Natasha casts a spell at you. The magic dart hits you.
You die...

.# . .# .#
###.############
# #..
#....[..........
#. #.#
##.........###..#
#.##.# #...h.....
#.##
#....###..$......
##.#† #.
#...##.##.#####
##.... #.
#....@.# # #..###
#.#####.#.####
#.##..
#.........#
#..##.
#.......#.# #.
##.....
#......##.# #.
#....#.
#......##.#####.
#.##...
#....†.##.. ....
##.###..
#......#### #..
###..# #†#
#.######
#.###...## #.#


You could see Natasha.

Vanquished Creatures
  5 bats (D:2)
  2 hobgoblins (D:2)
  A quokka (D:2)
  A kobold (D:2)
  2 rats (D:2)
11 creatures vanquished.

Notes
Turn   | Place    | Note
-------+----------+-------------------------------------------
     0 | D:1      | 101zpm the Deep Elf Ice Elementalist began the quest for
                  | the Orb.
     0 | D:1      | Reached XP level 1. HP: 10/10 MP: 6/6
   195 | D:2      | Reached XP level 2. HP: 13/15 MP: 5/8
   357 | D:2      | Noticed Natasha
   360 | D:2      | Killed from afar by Natasha

Illustrated notes

Levels and vault maps discovered:
D:1:      shiori_arrival_elements, layout_rooms,
          hellmonk_ecumenical_altar_lost_god
D:2:      layout_rooms, minmay_hexomino_u4, uniq_natasha

Action                   || total
-------------------------++-------
 Cast: Freeze            ||    14
Armor: Robe              ||     2
Dodge: Dodged            ||    14
